Map: [ESL] Stargazers

Players

Krystianer

  • Race: Protoss Protoss
  • Spawn Location: 11:00

PtitDrogo - Winner!

  • Race: Protoss Protoss
  • Spawn Location: 1:00

Event: DreamHack SC2 Masters 2022 Valencia

VOD

Have the link to the VOD?

Description

Time

  • Played on: July 1, 2022, 9:46 a.m.
  • Length: 4:13

All games in this series

Show
View Real Time Build Order
Export as new Build Order

Krystianer Protoss 

Build Orders: Oracle Opening 

Get SALT Encoding   

  12  0:00  Probe  
  13  0:12  Probe  
  14  0:17  Pylon  
  14  0:24  Probe (Chrono Boost)  
  15  0:36  Probe (Chrono Boost)  
  15  0:37  Gateway  
  16  0:44  Probe (Chrono Boost)  
  16  0:46  Assimilator  
  17  0:50  Probe  
  17  0:54  Assimilator  
  18  1:03  Probe (Chrono Boost)  
  19  1:07  Gateway  
  20  1:12  Probe (Chrono Boost)  
  20  1:17  Probe (Chrono Boost)  
  20  1:20  Pylon  
  21  1:29  Probe  
  22  1:41  Probe  
  23  1:53  Cybernetics Core  
  23  2:06  Nexus  
  23  2:09  Probe (Chrono Boost)  
  24  2:18  Pylon  
  24  2:22  Probe (Chrono Boost)  
  26  2:30  Probe (Chrono Boost)  
  26  2:31  Stalker  
  26  2:36  Probe  
  28  2:44  Stargate  
  29  2:48  Probe  
  30  2:57  Stalker  
  32  3:01  Probe  
  32  3:13  Probe  
  33  3:20  Probe  
  33  3:24  Oracle (Chrono Boost)  
  33  3:25  Probe  
  34  3:32  Probe  
  38  3:37  Probe  
  38  3:44  Probe  
  41  3:51  Probe (Chrono Boost)  
  42  3:57  Probe (Chrono Boost)  
Show
View Real Time Build Order
Export as new Build Order

PtitDrogo Protoss - Winner!

Build Orders: Oracle Opening 

Get SALT Encoding   

  12  0:00  Probe  
  13  0:12  Probe  
  14  0:17  Pylon  
  14  0:24  Probe (Chrono Boost)  
  15  0:36  Probe (Chrono Boost)  
  15  0:37  Gateway  
  16  0:44  Probe (Chrono Boost)  
  16  0:46  Assimilator  
  17  0:51  Probe  
  18  0:57  Pylon  
  18  1:03  Probe (Chrono Boost)  
  19  1:04  Assimilator  
  19  1:14  Probe (Chrono Boost)  
  20  1:19  Probe (Chrono Boost)  
  20  1:23  Cybernetics Core  
  21  1:29  Probe  
  22  1:41  Probe  
  22  1:45  Pylon  
  23  1:53  Probe  
  24  1:59  Adept  
  26  2:04  Stargate  
  26  2:06  Probe  
  27  2:15  Warp Gate  
  27  2:27  Nexus  
  27  2:29  Probe  
  28  2:41  Probe  
  29  2:45  Oracle (Chrono Boost)  
  29  2:47  Pylon  
  32  2:54  Probe  
  33  3:01  Gateway  
  33  3:06  Probe  
  34  3:17  Oracle (Chrono Boost)  
  34  3:18  Probe  
  38  3:26  Stalker  
  40  3:30  Probe  
  41  3:40  Probe  
  42  3:42  Probe  
  42  3:48  Pylon  
  43  3:52  Probe  
  43  3:54  Probe  
  45  3:57  Shield Battery  
  43  4:04  Stalker  
  43  4:06  Stalker  

Tags
 
Add a new tag
Caveats
  • Supply blocks, unpowered buildings, or Contaminate may cause inaccurate times.
  • Supply counts are checked every 10 seconds.